[Event "USA-ch Women 2024"]
[Site "Saint Louis"]
[Date "2024.10.13"]
[Round "3.1"]
[White "Yip, Carissa"]
[Black "Yu, Jennifer"]
[Result "1-0"]
[ECO "B75"]
[WhiteElo "2418"]
[BlackElo "2267"]
[Annotator "TA"]
[PlyCount "77"]
[EventDate "2024.10.09"]
[EventType "tourn"]
[EventCountry "USA"]
[SourceTitle "playchess.com"]
[Source "ChessBase"]
[SourceQuality "1"]
[TimeControl "40/5400+30:1800+30"]

1. e4 c5 2. Nf3 d6 3. d4 cxd4 4. Nxd4 Nf6 5. Nc3 g6 6. Be3 Bg7 7. f3 Nc6 8. Qd2 h5 9. O-O-O Bd7 10. Kb1 a6 11. Nd5 Ne5 12. Bg5 (12. Nxf6+ $14 Bxf6 13. f4) 12... Nxd5 $11 {[%emt 0:20:13] The position is equal.} 13. exd5 Qc7 14. Re1 (14. h3 $14) 14... f6 (14... O-O $1 $11) 15. Bh4 $16 O-O-O (15... Bh6 $16 16. f4 Bxf4 17. Qxf4 g5 18. Bxg5 fxg5 19. Qxg5 O-O-O) 16. Bf2 (16. f4 $18 {[%cal Oe1e3] Threatens to win with Re3!} Bh6 17. Bf2) 16... f5 17. f4 Bh6 $2 (17... Ng4 $16) 18. h3 Nc4 19. Qb4 b5 20. Bxc4 Qxc4 21. Qa5 Qxd5 22. Rxe7 Qb7 {[%emt 0:04:21] Black is weak on the dark squares} 23. Qc3+ (23. Ne6 $6 Rde8 $16) 23... Kb8 {[%emt 0:00:34][%cal Oh8e8] [#]} 24. Rxd7 $1 Qxd7 25. Nc6+ Ka8 26. Nxd8 Rxd8 27. Qa5 Bxf4 28. Qxa6+ Kb8 29. Qb6+ (29. Bb6 $18 Rc8 30. Rd1) 29... Kc8 30. Rd1 {[%emt 0:03:31] White is more active.} (30. a4 $16) 30... Qb7 $11 31. Qa5 {[%emt 0:00:17] [#] Strongly threatening Bb6.} Re8 32. Bb6 $40 {[%emt 0:01:29][%mdl 128] Black needs to defend precisely.} Qxg2 $2 (32... Qc6 $11 {and Black stays safe.} 33. Qa6+ Kd7 34. Qa7+ Kc8 (34... Ke6 35. Qg7 $11) 35. Qa6+ Kd7 36. Qa7+ Kc8 (36... Ke6 37. Qg7 $11) 37. Qa6+) 33. Qxb5 $18 Re5 (33... Qe4 34. a4 Re5 35. Qa6+ Kd7 36. Qa7+ Ke8) 34. Qc4+ Kd7 35. Qxf4 Kc6 36. Bg1 (36. Qa4+ $142 Rb5 37. Qa8+ Kxb6 38. Qxg2 d5 39. Qxg6+ Kc5 40. a3 (40. Qxf5 Kb6 41. Rxd5 Rxd5 42. Qxd5 Kc7 43. a4 Kc8 44. Qd6 Kb7 45. a5 h4 46. a6+ Ka7 47. Qc6 Kb8 48. Qb7#) (40. Qg1+ Kc6 41. Qg6+ Kc5 42. a3 Rb6 43. b4+ Kb5 44. Qe8+ Ka6 45. Qa8+ Kb5 46. c4+ Kxc4 47. Qxd5+ Kc3 48. Qd3#) 40... Rb6 41. b4+ (41. Qxf5 Rd6 42. Qc8+ Rc6 43. Qd8 Kb5 44. Rxd5+ Rc5 45. Qb8+ Ka6 46. Rd6+ Rc6 47. Rxc6+ Ka5 48. Qb4#) 41... Kb5 42. Qe8+ (42. Rxd5+ Ka6 43. Ra5+ Kb7 44. Qf7+ Kb8 45. Ra7 Rxb4+ 46. axb4 h4 47. Qc7#) 42... Ka6 43. Qa8+ (43. Rxd5 Ka7 44. Qe7+ Ka8 45. Qc7 Rxb4+ 46. axb4 h4 47. Rd8#) 43... Kb5 44. c4+ (44. Rxd5+ Kc4 45. Qa5 Rxb4+ 46. axb4 h4 47. Qc5#) 44... Kxc4 45. Qxd5+ Kc3 46. Qd3#) 36... Qxh3 37. Qa4+ {[%emt 0:00:30] White mates.} Kc7 38. Qa7+ Kc8 39. Qa6+ {[%emt 0:00:05] Weighted Error Value: White=0.24 (precise) /Black=0.67.  Loses game:     	---       	Black=1      Mistake:       	White=5     	Black=4      Inaccurate:     	---       	Black=1      OK:         	White=8     	Black=3      Best:        	White=3     	Black=7} (39. Rxd6 $2 {gets mated.} Qf1+) 1-0

[Event "USA-ch Women 2024"]
[Site "Saint Louis"]
[Date "2024.10.13"]
[Round "3.2"]
[White "Zatonskih, Anna"]
[Black "Krush, Irina"]
[Result "1/2-1/2"]
[ECO "D00"]
[WhiteElo "2312"]
[BlackElo "2388"]
[Annotator "TA"]
[PlyCount "66"]
[EventDate "2024.10.09"]
[EventType "tourn"]
[EventCountry "USA"]
[SourceTitle "playchess.com"]
[Source "ChessBase"]
[SourceQuality "1"]
[TimeControl "40/5400+30:1800+30"]

1. d4 Nf6 2. Nc3 d5 3. Bf4 e6 4. Nb5 Na6 5. a4 c6 6. Na3 Bd6 7. e3 Bxf4 8. exf4 Qd6 9. Qc1 b6 10. Nf3 O-O 11. c3 Nc7 12. Bd3 Ba6 13. Bxa6 Nxa6 14. O-O Nc7 15. Ne5 a5 16. Qc2 g6 17. Rfd1 b5 18. Qe2 Rfb8 19. Nc2 bxa4 20. Ne1 c5 21. dxc5 Qxc5 22. Rxa4 Nb5 23. N1d3 Qc7 24. Rda1 Ne4 25. Qe1 Nbd6 26. h3 Rb3 27. Qd1 Rb5 28. Qe2 Rab8 29. R1a2 R8b7 30. Qe3 ({Günstiger ist} 30. Qe1 $11) 30... Nf5 31. Qe1 Nfd6 32. Qe3 {[%emt 0:00:30] [#]} Nf5 (32... f6 $1 $17 33. Nf3 Nc4) 33. Qe1 $11 Nfd6 {[%emt 0:00:30] Gewichteter Fehlerwert: Weiß=0.06 (makellos) /Schwarz=0.10 (sehr präzise) .  Fehler:       	Weiß=1     	Schwarz=1     Ungenau:       	---       	Schwarz=2     OK:         	Weiß=15    	Schwarz=14} 1/2-1/2

[Event "USA-ch Women 2024"]
[Site "Saint Louis"]
[Date "2024.10.13"]
[Round "3.3"]
[White "Cervantes Landeiro, Thalia"]
[Black "Atwell, Rose"]
[Result "1/2-1/2"]
[ECO "D27"]
[WhiteElo "2302"]
[BlackElo "2185"]
[Annotator "RC"]
[PlyCount "137"]
[EventDate "2024.10.09"]
[EventType "tourn"]
[EventCountry "USA"]
[SourceTitle "playchess.com"]
[Source "ChessBase"]
[SourceQuality "1"]
[TimeControl "40/5400+30:1800+30"]

1. d4 d5 2. c4 dxc4 3. Nf3 Nf6 4. e3 e6 5. Bxc4 c5 6. O-O a6 7. Re1 b5 8. Bf1 Bb7 9. a4 b4 10. Nbd2 cxd4 11. Nxd4 Nbd7 12. a5 Be7 13. Nc4 O-O 14. b3 Ne4 15. Bb2 Rc8 16. Bd3 Ndf6 17. Qe2 Nc5 18. Bc2 Qc7 19. Rec1 Qb8 20. h3 Nfe4 21. Nf3 Nc3 22. Bxc3 bxc3 23. Nb6 Rc7 24. Ne5 Bf6 25. Ng4 Be7 26. Ne5 Bf6 27. Nec4 g6 28. Rd1 Bc6 29. e4 Bb5 30. e5 Bg7 31. Qe3 Bxc4 32. bxc4 Rc6 33. Re1 f6 34. Rab1 Qxe5 35. Qf3 Qc7 36. Qxc3 f5 37. Qf3 Rd6 38. Rbd1 Bd4 39. h4 Ne4 40. Rf1 e5 41. Bb3 Kg7 42. h5 Qc5 43. Na4 Qxa5 44. c5 Rdf6 45. Rc1 Qb5 46. Qd1 Ng3 47. Re1 f4 48. Qc2 Rf5 49. h6+ Kxh6 50. Be6 Rh5 51. Bh3 Qc6 52. Kh2 Nf5 53. Nb6 Nh4 54. Qe4 Qe6 55. Qe2 Qc6 56. Qe4 Qe6 57. Kg1 Qa2 58. Rc2 Qb3 59. Nd7 Rg5 60. Kh2 Bxf2 61. Nxf8 Qg3+ 62. Kh1 f3 63. Qb7 fxg2+ 64. Bxg2 Rh5 65. Qxh7+ Kg5 66. Qe7+ Kh6 67. Qh7+ Kg5 68. Qe7+ Kh6 69. Qh7+ 1/2-1/2

[Event "USA-ch Women 2024"]
[Site "Saint Louis"]
[Date "2024.10.13"]
[Round "3.4"]
[White "Paikidze, Nazi"]
[Black "Lee, Alice"]
[Result "1/2-1/2"]
[ECO "E04"]
[WhiteElo "2314"]
[BlackElo "2395"]
[Annotator "TA"]
[PlyCount "56"]
[EventDate "2024.10.09"]
[EventType "tourn"]
[EventCountry "USA"]
[SourceTitle "playchess.com"]
[Source "ChessBase"]
[SourceQuality "1"]
[TimeControl "40/5400+30:1800+30"]

1. d4 d5 2. c4 e6 3. Nf3 Nf6 4. g3 dxc4 5. Bg2 Nbd7 6. O-O c6 7. Qc2 b5 8. Rd1 Bb7 9. Nc3 a5 10. Bg5 Be7 11. Ne5 Nd5 12. Bxe7 Qxe7 13. Nxd7 Qxd7 14. Ne4 O-O 15. Nc5 Qc7 16. e3 a4 17. a3 Nf6 18. Qe2 Nd7 19. Qh5 g6 20. Qg5 {[%emt 0:03:12] [#]} Nxc5 ({Black should try} 20... Rad8 $1 $17) 21. dxc5 $11 Rad8 {[%emt 0:00:40] Dodges Rd6} (21... Rfd8 $5) 22. Qf6 {[%emt 0:12:22] The position is equal.} Rd7 23. Rxd7 Qxd7 24. Bf3 Qd8 25. Qe5 Qb8 26. Qf6 Qd8 {[%emt 0:03:36] Prevents Rd1.} 27. Qe5 Qb8 28. Qf6 Qd8 {[%emt 0:01:21] Prevents Rd1.   Weighted Error Value: White=0.08 (flawless) /Black=0.09 (flawless) .  Mistake:       	---       	Black=1      Inaccurate:     	White=5     	Black=1      OK:         	White=11    	Black=5      Best:        	White=1     	---} 1/2-1/2

[Event "USA-ch Women 2024"]
[Site "Saint Louis"]
[Date "2024.10.13"]
[Round "3.5"]
[White "Pourkashiyan, Atousa"]
[Black "Abrahamyan, Tatev"]
[Result "0-1"]
[ECO "C04"]
[WhiteElo "2269"]
[BlackElo "2327"]
[Annotator "RC"]
[PlyCount "100"]
[EventDate "2024.10.09"]
[EventType "tourn"]
[EventCountry "USA"]
[SourceTitle "playchess.com"]
[Source "ChessBase"]
[SourceQuality "1"]
[TimeControl "40/5400+30:1800+30"]

1. e4 e6 2. d4 d5 3. Nd2 Nc6 4. Ngf3 Nf6 5. e5 Nd7 6. c3 f6 7. exf6 Qxf6 8. Nb3 Bd6 9. Bg5 Qf7 10. Bh4 h6 11. Bb5 O-O 12. O-O e5 13. Bxc6 bxc6 14. dxe5 Nxe5 15. Nxe5 Bxe5 16. Bg3 Bd6 17. Qd4 a5 18. Rfe1 a4 19. Nc5 Ra5 20. Nd3 c5 21. Qh4 Qf5 22. Re3 Qg4 23. Qxg4 Bxg4 24. f3 Bf5 25. Rd1 Bxg3 26. hxg3 Bxd3 27. Rdxd3 c4 28. Rd2 a3 29. bxa3 c6 30. Rb2 Rf6 31. g4 Rxa3 32. Kf2 Rf7 33. Kg3 Rfa7 34. Rb6 R3a6 35. Rb8+ Kf7 36. Ree8 Rxa2 37. Rf8+ Ke7 38. Rbd8 Rd7 39. Rde8+ Kd6 40. Rg8 Ra3 41. Re3 d4 42. Re4 dxc3 43. g5 hxg5 44. Rxc4 Kd5 45. Re4 c2 46. Re1 Rc3 47. Rc1 Kc4 48. Ra8 Rd1 49. Raa1 Rxc1 50. Rxc1 Kd3 0-1

[Event "USA-ch Women 2024"]
[Site "Saint Louis"]
[Date "2024.10.13"]
[Round "3.6"]
[White "Lee, Megan"]
[Black "Tokhirjonova, Gulrukhbegim"]
[Result "0-1"]
[ECO "B06"]
[WhiteElo "2253"]
[BlackElo "2374"]
[Annotator "TA"]
[PlyCount "76"]
[EventDate "2024.10.09"]
[EventType "tourn"]
[EventCountry "USA"]
[SourceTitle "playchess.com"]
[Source "ChessBase"]
[SourceQuality "1"]
[TimeControl "40/5400+30:1800+30"]

1. e4 g6 2. d4 Bg7 3. Nc3 d6 4. Be3 a6 5. a4 Nc6 6. d5 Ne5 7. Bd4 g5 8. Be2 {[%emt 0:10:37] White is better.} c5 9. dxc6 bxc6 {[%emt 0:00:08] [#]} 10. Nf3 $1 Nxf3+ 11. Bxf3 e5 12. Be3 Be6 13. a5 h6 14. O-O Nf6 15. Na4 O-O 16. Nb6 Rb8 17. Qd3 d5 18. exd5 (18. Qxa6 $6 d4 19. Bd2 g4 $11) (18. Bc5 $14) 18... cxd5 $11 19. Qxa6 d4 $1 20. Bd2 {[%emt 0:02:58] Bb4 is the strong threat.} e4 21. Be2 Nd5 {[%emt 0:00:20] Prevents Bb4.} (21... Qc7 {looks sharper.} 22. Rac1 Rfd8 23. c4 e3) 22. Nxd5 {[%emt 0:06:29] This move loses the game for White.} (22. Bc4 $1 $11 {and White has nothing to worry.}) 22... Qxd5 $19 23. Rab1 (23. b3 d3 24. cxd3 Bxa1 25. Rxa1 Qxb3 (25... Rxb3 $2 26. Rd1 $19) 26. d4 (26. dxe4 $2 Qb2 $19)) 23... Rfc8 24. Rfc1 Qd7 {[%emt 0:01:07] ...Rc6 would now be deadly.} 25. Bf1 Ba2 26. Ra1 Rxb2 27. h4 (27. Qe2 $142 Rcxc2 (27... Rbxc2 $2 28. Rxc2 Rxc2 29. Rc1 $19) 28. Rxc2 Rxc2 29. Rd1) 27... Bd5 {[%emt 0:10:57] Strongly threatening ...d3.} (27... Rbxc2 28. Rxc2 Rxc2 29. Qa8+ Bf8 30. Bb4 $11 (30. Qxe4 $2 Rxd2 31. Bd3 f5 $19)) (27... gxh4 28. Bxh6 h3 (28... Rbxc2 29. Rxc2 Rxc2 30. Qa8+ Rc8 31. Qxe4 $16) 29. Bxg7 Kxg7 30. Qe2 $19) 28. hxg5 (28. Qe2 $142 Rcxc2 (28... gxh4 $2 29. a6 $17) (28... Rbxc2 $2 29. hxg5 hxg5 30. a6 $19) 29. Rxc2 Rxc2 30. Qd1) 28... hxg5 {[%emt 0:00:09][%cal Od4d3] Hoping for ...d3!} (28... Rbxc2 29. gxh6 Be5 30. h7+ Kh8 31. Rxc2 Rxc2 32. Bf4 $11) 29. Bxg5 $2 {[%emt 0:01:00] [#]} (29. Rab1 Rxb1 (29... Rbxc2 $2 30. Be2 $19) (29... Rcxc2 $2 30. Rxb2 Rxb2 31. Bxg5 $17) 30. Rxb1 Rxc2 31. Qe2) 29... d3 $1 30. Bf4 (30. Be3 Ra8) 30... Ra8 ({Less strong is} 30... Rcxc2 31. Rxc2 Rxc2 (31... dxc2 32. Rc1 $11) 32. Rb1 $15) (30... Rc6 $142 31. Qa8+ Rc8) 31. Qd6 Qxd6 32. Bxd6 {[%emt 0:00:02] White is weak on the light squares} Rxc2 (32... dxc2 $2 33. Bf4 $19) 33. Rab1 {[%emt 0:01:52] Dodges Bb3} Ba2 ({Don't take} 33... Rxa5 34. Rd1 Bd4 35. Rb8+ Kg7 36. Bg3) 34. Rxc2 dxc2 35. Rc1 Bb3 (35... Rxa5 36. Rxc2 Bd4 37. Bf4 $11) 36. Bf4 Rxa5 {[%emt 0:00:21] Black is clearly winning.} 37. f3 (37. Be2 $142) 37... Bb2 38. Re1 Bd4+ {[%emt 0:00:07] Weighted Error Value: White=0.99/Black=0.23 (precise) .  Loses game:     	White=1     	---        Mistake:       	White=6     	Black=1      Inaccurate:     	White=2     	Black=3      OK:         	White=9     	Black=11     Best:        	White=2     	Black=5      Strong:       	White=1     	Black=1      Brilliant:      	---       	Black=1} 0-1